Map: Port Aleksander LE

Players

Snute

  • Race: Zerg Zerg
  • Spawn Location: 5:00

TIME (Oliveira) - Winner!

  • Race: Terran Terran
  • Spawn Location: 11:00

Event: 2019 WCS Spring

VOD

Have the link to the VOD?

Description

Time

  • Played on: May 17, 2019, 9:43 a.m.
  • Length: 12:01

All games in this series

Show
View Real Time Build Order
Export as new Build Order

Snute Zerg 

Build Orders: Hatch First 

Get SALT Encoding   

  12  0:00  Drone  
  13  0:12  Overlord  
  13  0:17  Drone  
  14  0:31  Drone x2  
  14  0:34  Drone  
  17  0:52  Hatchery  
  17  0:55  Drone  
  17  0:58  Drone  
  17  1:01  Extractor  
  17  1:14  Spawning Pool  
  17  1:18  Drone  
  17  1:20  Drone  
  18  1:28  Drone  
  19  1:39  Overlord  
  19  1:49  Drone  
  20  2:01  Queen  
  20  2:02  Metabolic Boost  
  20  2:03  Queen  
  20  2:06  Zergling x2  
  25  2:09  Zergling x2  
  25  2:12  Zergling x2  
  25  2:15  Drone  
  28  2:24  Drone  
  28  2:26  Drone  
  30  2:33  Drone  
  30  2:36  Queen  
  31  2:37  Drone  
  31  2:43  Overlord  
  34  2:47  Drone  
  35  2:54  Drone  
  36  3:02  Drone  
  36  3:04  Queen, Drone  
  40  3:10  Overlord  
  40  3:11  Drone x2  
  40  3:12  Drone x2  
  44  3:16  Overlord  
  44  3:22  Overlord  
  44  3:28  Hatchery  
  44  3:30  Drone  
  44  3:32  Drone  
  44  3:33  Drone  
  46  3:35  Drone  
  46  3:40  Drone  
  48  3:43  Drone x3  
  48  3:47  Drone  
  48  3:48  Drone x2  
  54  3:49  Drone  
  54  3:51  Extractor  
  54  3:54  Drone  
  55  3:56  Queen  
  55  4:01  Zergling x2  
  58  4:07  Zergling x4  
  59  4:14  Drone  
  59  4:16  Lair  
  60  4:17  Drone x3  
  60  4:20  Zergling x2  
  64  4:24  Overlord  
  64  4:25  Overlord  
  64  4:26  Drone  
  64  4:28  Drone  
  66  4:31  Queen  
  66  4:33  Baneling Nest  
  66  4:37  Spore Crawler  
  66  4:38  Spore Crawler, Drone  
  67  4:39  Overlord  
  67  4:44  Drone  
  66  4:47  Drone  
  66  4:48  Drone x2  
  69  4:53  Zergling x2  
  69  4:54  Zergling x4  
  69  4:55  Drone  
  73  5:00  Drone  
  73  5:01  Spore Crawler, Drone  
  73  5:03  Drone x2  
  73  5:04  Drone  
  73  5:07  Drone  
  78  5:10  Overlord  
  78  5:13  Zergling x2, Drone x2  
  80  5:15  Centrifical Hooks  
  80  5:19  Evolution Chamber x2  
  78  5:22  Infestation Pit  
  78  5:23  Zergling x4  
  78  5:27  Zergling x4  
  78  5:28  Baneling x3  
  80  5:30  Zergling x2  
  80  5:33  Baneling  
  80  5:35  Baneling  
  81  5:37  Zergling x2  
  81  5:38  Zergling x8  
  86  5:44  Baneling  
  86  5:45  Baneling  
  86  5:46  Queen x3  
  92  5:54  Zergling x2  
  92  5:55  Zergling x8  
  90  6:00  Baneling  
  90  6:01  Baneling x2  
  88  6:08  Zergling x12  
  86  6:19  Zergling x6  
  86  6:22  Queen x3  
  88  6:27  Baneling x6  
  88  6:28  Zergling x2  
  88  6:29  Zergling x4  
  86  6:34  Zergling x4  
  86  6:37  Hatchery  
  85  6:43  Zergling x4  
  85  6:45  Roach Warren  
  85  6:49  Zergling x2  
  85  6:50  Zergling x2  
  84  6:57  Queen, Zergling x2  
  84  6:58  Zergling x16  
  84  7:00  Drone  
  92  7:02  Drone  
  89  7:10  Baneling x6  
  89  7:13  Baneling  
  89  7:14  Zergling x6  
  91  7:17  Queen  
  91  7:18  Queen  
  91  7:20  Baneling  
  91  7:21  Baneling x2  
  91  7:22  Extractor  
  92  7:24  Baneling  
  89  7:30  Zergling x8  
  89  7:32  Baneling x2  
  89  7:34  Queen  
  93  7:37  Zergling x2  
  93  7:38  Zergling x6  
  92  7:44  Zergling x2  
  92  7:45  Zergling x8  
  92  7:47  Baneling x3  
  92  7:49  Queen  
  98  7:51  Roach  
  98  7:52  Roach  
  98  7:53  Queen x2  
  98  7:55  Zergling x8  
  104  8:02  Roach  
  104  8:03  Roach x2  
  110  8:07  Baneling, Extractor  
  110  8:08  Baneling  
  106  8:16  Roach  
  106  8:17  Roach x2  
  106  8:20  Queen  
  106  8:24  Roach  
  106  8:25  Roach  
  106  8:26  Overlord x2, Queen  
  112  8:32  Queen  
  112  8:33  Zergling x8  
  112  8:38  Ravager, Overlord x2  
  112  8:39  Overlord  
  112  8:40  Overlord  
  110  8:45  Extractor  
  110  8:48  Roach x4  
  105  8:52  Ravager  
  105  8:54  Zergling x2  
  105  8:55  Zergling x6  
  109  9:04  Ravager  
  109  9:06  Zergling x2  
  109  9:07  Zergling x14  
  118  9:21  Glial Reconstitution  
  117  9:25  Zergling x12  
  117  9:30  Ravager, Hatchery  
  117  9:31  Ravager  
  124  9:34  Roach x2  
  128  9:42  Drone x8  
  135  9:45  Extractor  
  135  9:46  Zerg Melee Weapons Level 1  
  130  9:55  Drone x3  
  114  10:04  Infestor  
  112  10:17  Roach x8, Hatchery  
  112  10:20  Zergling x6  
  130  10:32  Roach  
  130  10:33  Roach x5  
  135  10:37  Ravager  
  135  10:40  Ravager x2  
  138  10:46  Roach x4  
  146  10:56  Roach x3  
  152  10:57  Overlord x2  
  150  11:06  Extractor  
  150  11:08  Extractor  
  147  11:12  Roach x2  
  147  11:18  Ravager x2  
  152  11:20  Zergling x16  
  160  11:32  Ravager x2  
Show
View Real Time Build Order
Export as new Build Order

TIME Terran - Winner!

Build Orders: 2 Factory, Hellion Opening, Reaper Expand, Mech 

Get SALT Encoding   

  12  0:00  SCV  
  13  0:13  SCV  
  14  0:18  Supply Depot  
  14  0:25  SCV  
  15  0:39  SCV  
  15  0:41  Barracks  
  16  0:46  Refinery  
  16  0:51  SCV  
  17  1:03  SCV  
  18  1:16  SCV  
  19  1:28  Reaper  
  19  1:29  Orbital Command  
  20  1:42  Command Center  
  20  1:50  Supply Depot  
  20  1:54  SCV  
  20  2:00  Marine  
  22  2:06  SCV  
  23  2:10  Factory  
  23  2:14  Refinery  
  23  2:18  SCV  
  24  2:23  Barracks Reactor  
  24  2:30  SCV  
  25  2:42  SCV  
  26  2:55  SCV  
  26  2:56  Orbital Command  
  26  2:57  Factory  
  27  3:02  Hellion  
  27  3:03  Hellion  
  31  3:06  Marine  
  31  3:09  SCV  
  33  3:21  SCV  
  33  3:22  SCV  
  33  3:24  Hellion x2  
  33  3:26  Supply Depot  
  39  3:33  SCV  
  40  3:34  SCV  
  40  3:37  Marine  
  41  3:42  Factory Tech Lab  
  41  3:45  SCV, Hellion x2  
  41  3:48  SCV  
  47  3:50  Supply Depot  
  47  3:57  SCV  
  47  4:00  SCV  
  47  4:02  Infernal Pre-Igniter, Cyclone  
  52  4:09  SCV  
  53  4:12  Hellion  
  53  4:13  Hellion  
  53  4:16  Supply Depot  
  57  4:18  SCV  
  57  4:21  SCV  
  59  4:30  SCV  
  60  4:33  Hellion  
  67  4:38  Hellion, Cyclone  
  67  4:39  Supply Depot  
  67  4:42  SCV x2  
  69  4:54  SCV  
  69  4:57  Supply Depot  
  70  5:01  SCV, Hellion x2  
  75  5:10  Cyclone  
  75  5:11  Refinery  
  75  5:12  Command Center, Refinery  
  78  5:18  SCV  
  79  5:22  Hellion x2  
  79  5:23  SCV  
  84  5:28  Supply Depot  
  84  5:36  Factory  
  84  5:46  Hellion  
  86  5:50  SCV x2, Hellion, Cyclone  
  91  6:05  SCV  
  91  6:08  SCV  
  91  6:10  Factory  
  93  6:11  Factory  
  93  6:12  Armory  
  93  6:17  SCV  
  94  6:19  Supply Depot  
  94  6:21  Hellion x2  
  94  6:22  Siege Tank  
  94  6:25  Orbital Command, Factory Tech Lab  
  101  6:28  Mag-Field Accelerator  
  101  6:29  SCV  
  101  6:30  SCV  
  95  6:41  SCV  
  95  6:44  Hellion x2  
  100  6:52  Cyclone  
  101  6:54  Cyclone  
  101  6:55  SCV  
  105  7:04  Orbital Command  
  105  7:06  SCV  
  106  7:11  Factory Reactor, Factory Tech Lab  
  106  7:19  Hellion x2  
  106  7:20  SCV  
  111  7:23  Orbital Command  
  111  7:29  Refinery  
  109  7:30  Cyclone x2  
  109  7:31  Terran Vehicle And Ship Armor Level 1, Refinery  
  109  7:33  SCV, Supply Depot  
  109  7:34  Armory  
  109  7:35  SCV  
  110  7:45  SCV  
  110  7:47  SCV, Cyclone  
  114  7:54  Hellion x2  
  114  7:55  SCV  
  114  7:57  SCV  
  118  7:59  Hellion x2  
  118  8:01  SCV  
  123  8:07  SCV  
  123  8:09  SCV, Supply Depot  
  123  8:10  Supply Depot  
  125  8:15  Siege Tank  
  125  8:16  Siege Tank  
  129  8:20  Siege Tank  
  129  8:22  SCV  
  129  8:23  Terran Vehicle Weapons Level 1  
  131  8:33  SCV  
  126  8:40  SCV  
  126  8:44  Hellion x2  
  126  8:47  Siege Tank  
  133  8:53  Supply Depot  
  133  8:54  Siege Tank x2  
  133  8:55  Hellion x2  
  139  8:56  Supply Depot  
  139  8:58  Supply Depot  
  139  9:00  SCV  
  140  9:11  SCV x2, Hellion x2  
  140  9:12  SCV  
  147  9:29  Siege Tank x2  
  153  9:33  Terran Vehicle And Ship Armor Level 2, Command Center  
  153  9:34  Hellion  
  153  9:35  Hellion  
  157  9:46  Hellion x2, Siege Tank  
  158  9:53  Refinery  
  158  9:54  Refinery  
  155  10:00  SCV, Hellion  
  155  10:06  Siege Tank x2  
  162  10:10  SCV x2  
  162  10:12  SCV  
  165  10:19  Engineering Bay  
  165  10:20  Hellion x3  
  171  10:22  SCV  
  172  10:36  Supply Depot x3  
  172  10:39  Supply Depot  
  172  10:44  SCV x2, Siege Tank x3  
  172  10:45  Hellion x2  
  187  10:55  Planetary Fortress  
  187  10:58  Hellion x2  
  187  11:03  Sensor Tower  
  191  11:07  Hellion x2  
  195  11:21  Cyclone, Command Center  
Tags
 
Add a new tag
Caveats
  • Supply blocks, unpowered buildings, or Contaminate may cause inaccurate times.
  • Supply counts are checked every 10 seconds.